 Dungeon Crawl Stone Soup version 0.17-a0-910-ga669010 (console) character file.

151 sose the Ruffian (level 5, -6/45 HPs)
             Began as a Ghoul Monk on May 2, 2015.
             Killed by divine providence
             ... invoked by an orc priest
              (10 damage)
             ... on level 3 of the Dungeon.
             The game lasted 00:04:49 (2060 turns).

sose the Ruffian (Ghoul Monk)                       Turns: 2060, Time: 00:04:50

Health: -6/45      AC:  5    Str: 15    XL:     5   Next: 33%
Magic:  13/13      EV: 12    Int:  6    God:
Gold:   103        SH:  0    Dex: 11    Spells: 0 memorised, 4 levels left

rFire  . . .     SeeInvis .       - Unarmed
rCold  + . .     Clarity  .     a - +0 robe
rNeg   + + +     SustAb   .     (no shield)
rPois  ∞         Gourm    .     p - +2 helmet
rElec  .         Spirit   .     (no cloak)
rCorr  .         Warding  .     (no gloves)
rMut   .         Stasis   .     (no boots)
MR     .....                    q - amulet of faith (curse)
Stlth  ++........               (no ring)
                                g - ring of magical power

@: rotting, not resistant to hostile enchantments, unstealthy
A: rotting body, claws 1, carnivore 3, cold resistance 1, negative energy
resistance 3, slow healing 1, torment resistance, unbreathing
a: no special abilities


You were on level 3 of the Dungeon.
You were not hungry.

You visited 1 branch of the dungeon, and saw 3 of its levels.

You collected 103 gold pieces.

Inventory:

Missiles
 o - 24 stones (quivered)
Armour
 a - a +0 robe (worn)
 p - a +2 helmet (worn)
Jewellery
 g - a ring of magical power (left claw)
 q - a cursed amulet of faith (around neck)
Scrolls
 c - 4 scrolls of identify {unknown}
 j - a scroll of amnesia {unknown}
 k - 2 scrolls of magic mapping {unknown}
Potions
 e - a potion of curing {unknown}
 h - a potion of brilliance {unknown}
 i - a potion of mutation {unknown}
 m - a potion of agility {unknown}
 n - a potion of flight {unknown}
Comestibles
 b - 2 meat rations
 d - 6 chunks of flesh
 f - a beef jerky
 l - 2 slices of pizza


   Skills:
 - Level 3.2 Fighting
 - Level 2.6 Dodging
 - Level 2.1 Stealth
 + Level 7.1 Unarmed Combat


You had 4 spell levels left.
You didn't know any spells.

Dungeon Overview and Level Annotations

Branches:
Dungeon (3/15)

Altars:


Innate Abilities, Weirdness & Mutations

Your body is rotting away.
You thrive on raw meat.
You are immune to poison.
You have sharp fingernails.
You are carnivorous and can eat meat at any time.
Your flesh is cold resistant.
You are immune to negative energy.
You heal slowly when monsters are visible.
You are immune to unholy pain and torment.
You can survive without breathing.


Message History

Something smites you!
Things that are here:
a scale mail; an orc corpse The orc priest invokes the aid of Beogh against you.
Something smites you!
* * * LOW HITPOINT WARNING * * *
The orc priest hits you but does no damage.
You barely miss the orc priest. You claw the orc priest.
The orc priest is lightly wounded.
The orc priest hits you with a short sword.
* * * LOW HITPOINT WARNING * * *
You scratch the orc priest but do no damage.
The orc priest is lightly wounded.
The orc priest looks braver.
You claw the orc priest!
The orc priest begins to bleed from its wounds!
The orc priest is severely wounded.
The orc priest invokes the aid of Beogh against you.
Something smites you!
You die...

#.# #.####.## ##.##
#..######.#.# #.#
#.####..###..####..##.###.#.#
#.#
#.##...#.#.#....)......##.#.#
#.#
#.##.#.##.##.####.#.....#.#.#
..# #.##.#.#####.#
#.........#.# .##
#...........># ###..[..###.#
####...##..[.# ##...## #.#
#...#####.# ##.## #.#
####...###..@###### #.# #.#
........##...o.......... ..#
##..............###.#
.%......##....###.#
.............# #
####..####.#.# .... ###.#
##..o #.# #.. #.#


You could see an orc priest (bleeding).

Vanquished Creatures
  Ijyb (D:2)
  4 adders
  An adder zombie (D:2)
  2 worms (D:2)
  A giant gecko (D:2)
  6 orcs (D:3)
  A ball python (D:2)
  12 bats
  2 bat skeletons (D:2)
  A bat zombie (D:2)
  5 giant cockroaches
  5 goblins
  6 hobgoblins
  9 kobolds
  A giant cockroach zombie (D:2)
  4 giant newts
  15 rats
76 creatures vanquished.

Notes
Turn   | Place    | Note
--------------------------------------------------------------
     0 | D:1      | sose, the Ghoul Monk, began the quest for the Orb.
     0 | D:1      | Reached XP level 1. HP: 19/19 MP: 0/0
   171 | D:1      | Reached XP level 2. HP: 23/26 MP: 1/1
   201 | D:1      | Reached skill level 5 in Unarmed Combat
   496 | D:1      | Reached XP level 3. HP: 21/31 MP: 2/2
  1044 | D:2      | Reached skill level 6 in Unarmed Combat
  1044 | D:2      | Reached XP level 4. HP: 26/38 MP: 3/3
  1245 | D:2      | Noticed Ijyb
  1295 | D:2      | Killed Ijyb
  1592 | D:2      | Reached XP level 5. HP: 42/45 MP: 4/4
  1895 | D:3      | Reached skill level 7 in Unarmed Combat
  2060 | D:3      | Killed from afar by an orc priest

Action                   |  1- 3 |  4- 6 || total
-------------------------+-------+-------++-------
Melee: Unarmed           |   117 |   116 ||   233
Throw: Stone             |       |     2 ||     2
 Stab: Sleeping          |     1 |       ||     1
  Eat: Chunk             |     7 |    11 ||    18
